[Event "Pashayeva Memorial Rapid 2025"]
[Site "Baku"]
[Date "2025.03.02"]
[Round "1.1"]
[White "Balajayeva, Khanim"]
[Black "Salimova, Nurgyul"]
[Result "1/2-1/2"]
[Annotator "ChessBase"]
[ECO "B10"]
[WhiteElo "2355"]
[BlackElo "2404"]
[PlyCount "155"]
[EventDate "2025.03.01"]
[EventType "tourn"]
[EventCountry "AZE"]
[SourceTitle "playchess.com"]
[Source "ChessBase"]
[SourceQuality "1"]
[TimeControl "900+10"]

1. e4 c6 2. Nf3 d5 3. exd5 cxd5 4. Ne5 Nc6 5. d4 a6 6. Be2 e6 7. c3 Bd6 8. f4 Nge7 9. O-O f6 10. Nxc6 bxc6 11. Bd3 O-O 12. Nd2 c5 13. Nf3 Qc7 14. dxc5 Bxc5+ 15. Kh1 g6 16. Qe2 Bd7 17. Bxa6 Bd6 18. Bb5 Bxb5 19. Qxb5 Nf5 20. Qe2 Rfe8 21. Nd4 Nxd4 22. cxd4 Rac8 23. Be3 Qc2 24. Rae1 Qe4 25. Qa6 Bf8 26. Bg1 Qf5 27. h3 Ra8 28. Qc6 Rec8 29. Qd7 Rd8 30. Qxe6+ Qxe6 31. Rxe6 Kf7 32. Rb6 Rxa2 33. Rb7+ Kg8 34. Re1 Rc8 35. Re2 Ra1 36. Kh2 Bd6 37. g3 Rcc1 38. Bf2 Bf8 39. Kg2 Rc6 40. Re8 Rc2 41. Rbb8 Rd1 42. Rxf8+ Kg7 43. Rg8+ Kh6 44. Rb3 Rxd4 45. Rgb8 Rdd2 46. Rf3 d4 47. Rbb3 Re2 48. Kf1 Re4 49. Rb4 f5 50. Rbb3 Rc1+ 51. Kg2 Rc2 52. g4 fxg4 53. hxg4 Kg7 54. Rb7+ Kf6 55. Kg3 h5 56. Rb6+ Kf7 57. g5 Ree2 58. f5 h4+ 59. Kxh4 Rxf2 60. Rb7+ Kg8 61. Rb8+ Kf7 62. Rb7+ Kg8 63. Rxf2 Rxf2 64. f6 d3 65. Rd7 Rxb2 66. Rxd3 Rb4+ 67. Kg3 Kf7 68. Rd7+ Kf8 69. Rg7 Rb3+ 70. Kf4 Rb4+ 71. Ke3 Rb3+ 72. Kd4 Rb4+ 73. Kc5 Rh4 74. Rxg6 Rh7 75. Kd6 Kf7 76. Rh6 Rxh6 77. gxh6 Kxf6 78. h7 1/2-1/2

[Event "Pashayeva Memorial Rapid 2025"]
[Site "Baku"]
[Date "2025.03.02"]
[Round "1.2"]
[White "Mammadova, Gulnar"]
[Black "Mamedjarova, Turkan"]
[Result "1/2-1/2"]
[Annotator "ChessBase"]
[ECO "C47"]
[WhiteElo "2333"]
[BlackElo "2197"]
[PlyCount "26"]
[EventDate "2025.03.01"]
[EventType "tourn"]
[EventCountry "AZE"]
[SourceTitle "playchess.com"]
[Source "ChessBase"]
[SourceQuality "1"]
[TimeControl "900+10"]

1. e4 e5 2. Nf3 Nc6 3. Nc3 Nf6 4. d4 exd4 5. Nxd4 Bb4 6. Nxc6 bxc6 7. Bd3 d5 8. exd5 cxd5 9. O-O O-O 10. h3 h6 11. Qf3 c6 12. Bf4 Bd6 13. Rad1 Rb8 1/2-1/2

[Event "Pashayeva Memorial Rapid 2025"]
[Site "Baku"]
[Date "2025.03.02"]
[Round "1.3"]
[White "Serikbay, Assel"]
[Black "Aydin, Gulenay"]
[Result "0-1"]
[Annotator "ChessBase"]
[ECO "E62"]
[WhiteElo "2216"]
[BlackElo "2265"]
[PlyCount "158"]
[EventDate "2025.03.01"]
[EventType "tourn"]
[EventCountry "AZE"]
[SourceTitle "playchess.com"]
[Source "ChessBase"]
[SourceQuality "1"]
[TimeControl "900+10"]

1. d4 Nf6 2. c4 g6 3. g3 Bg7 4. Bg2 O-O 5. Nc3 d6 6. Nf3 c6 7. e4 Bg4 8. O-O Nbd7 9. h3 Bxf3 10. Bxf3 e5 11. Be3 exd4 12. Bxd4 Re8 13. Bg2 Qc7 14. Re1 Rad8 15. f4 a6 16. Rc1 Qa5 17. a3 b5 18. cxb5 axb5 19. Bf2 b4 20. axb4 Qxb4 21. Qc2 Rb8 22. Rb1 Nc5 23. Kh2 Nfd7 24. Red1 Bf8 25. Be1 Qb3 26. Qd2 Nf6 27. Qd4 Re6 28. f5 Re5 29. fxg6 hxg6 30. Qf2 Nfxe4 31. Nxe4 Nxe4 32. Bxe4 Rxe4 33. Bc3 Qe6 34. Re1 Bg7 35. Rxe4 Qxe4 36. Re1 Qc4 37. Bxg7 Kxg7 38. Rf1 Re8 39. Qf6+ Kg8 40. Rf2 Qd5 41. Qc3 c5 42. Rd2 Qe6 43. Rf2 Qe5 44. Qf3 Re7 45. Rd2 Kg7 46. h4 Re6 47. Qd3 Rf6 48. Re2 Qf5 49. Qe3 Qg4 50. Rd2 Rf3 51. Qe1 Rf6 52. Qe3 Qe6 53. Qc3 Qe1 54. b3 Kg8 55. Qxf6 Qxd2+ 56. Kh3 Qd5 57. Qc3 Qh1+ 58. Kg4 Qf1 59. Qc2 Qf6 60. h5 Qd4+ 61. Kh3 gxh5 62. Kh2 Qe3 63. Qf5 Qe2+ 64. Kg1 Qg4 65. Qd3 Qe6 66. Kf2 Kf8 67. Qf3 Qe5 68. Qa8+ Kg7 69. Qc6 Qd4+ 70. Kg2 d5 71. Qd6 Qe4+ 72. Kh2 c4 73. bxc4 dxc4 74. Qd8 Qe5 75. Qc8 c3 76. Qc4 Kg6 77. Qd3+ Kg7 78. Qc4 Qe3 79. Kh3 Qe6+ 0-1

[Event "Pashayeva Memorial Rapid 2025"]
[Site "Baku"]
[Date "2025.03.02"]
[Round "1.4"]
[White "Beydullayeva, Govhar"]
[Black "Fataliyeva, Ulviyya"]
[Result "1/2-1/2"]
[Annotator "ChessBase"]
[ECO "D37"]
[WhiteElo "2404"]
[BlackElo "2381"]
[PlyCount "55"]
[EventDate "2025.03.01"]
[EventType "tourn"]
[EventCountry "AZE"]
[SourceTitle "playchess.com"]
[Source "ChessBase"]
[SourceQuality "1"]
[TimeControl "900+10"]

1. d4 Nf6 2. c4 e6 3. Nf3 d5 4. Nc3 Be7 5. Bf4 O-O 6. e3 Nbd7 7. a3 c5 8. cxd5 Nxd5 9. Nxd5 exd5 10. dxc5 Nxc5 11. Be5 Bf5 12. Be2 Bf6 13. Rc1 Rc8 14. O-O Bxe5 15. Nxe5 Qf6 16. b4 Qxe5 17. bxc5 Rfd8 18. Qd4 Qxd4 19. exd4 b6 20. Ba6 Rc6 21. Bb5 Rc7 22. cxb6 Rb7 23. Rc6 Rxb6 24. Rxb6 axb6 25. Rc1 Ra8 26. a4 Rc8 27. Rxc8+ Bxc8 28. Kf1 1/2-1/2

[Event "Pashayeva Memorial Rapid 2025"]
[Site "Baku"]
[Date "2025.03.02"]
[Round "1.5"]
[White "Mammadzada, Gunay"]
[Black "Yakubbaeva, Nilufar"]
[Result "0-1"]
[Annotator "ChessBase"]
[ECO "A07"]
[WhiteElo "2412"]
[BlackElo "2187"]
[PlyCount "76"]
[EventDate "2025.03.01"]
[EventType "tourn"]
[EventCountry "AZE"]
[SourceTitle "playchess.com"]
[Source "ChessBase"]
[SourceQuality "1"]
[TimeControl "900+10"]

1. Nf3 d5 2. g3 c6 3. Bg2 Bg4 4. O-O e6 5. h3 Bh5 6. c4 Bd6 7. d4 Nf6 8. Nc3 O-O 9. cxd5 exd5 10. Ne5 Bg6 11. Bg5 Bf5 12. Qb3 Qb6 13. Qxb6 axb6 14. Bxf6 gxf6 15. Nf3 Re8 16. Nh4 Bg6 17. f4 Nd7 18. Nxg6 hxg6 19. e4 dxe4 20. Nxe4 Be7 21. f5 Kg7 22. a3 b5 23. d5 cxd5 24. Nc3 Bc5+ 25. Kh2 d4 26. Nxb5 Re2 27. b4 Bb6 28. Rae1 Rae8 29. Rxe2 Rxe2 30. fxg6 fxg6 31. Nd6 Ra2 32. Rd1 Ne5 33. Kh1 Rxa3 34. Nc8 Bc7 35. Rxd4 Rxg3 36. Rd2 Rb3 37. Nd6 Rb1+ 38. Kh2 Nc4 0-1

[Event "Pashayeva Memorial Rapid 2025"]
[Site "Baku"]
[Date "2025.03.02"]
[Round "2.3"]
[White "Aydin, Gulenay"]
[Black "Beydullayeva, Govhar"]
[Result "0-1"]
[Annotator "TA"]
[ECO "C47"]
[WhiteElo "2265"]
[BlackElo "2404"]
[PlyCount "90"]
[EventDate "2025.03.01"]
[EventType "tourn"]
[EventCountry "AZE"]
[SourceTitle "playchess.com"]
[Source "ChessBase"]
[SourceQuality "1"]
[TimeControl "900+10"]

1. e4 e5 2. Nf3 Nc6 3. Nc3 Nf6 4. d4 exd4 5. Nxd4 Bb4 6. Nxc6 bxc6 7. Bd3 O-O 8. O-O d5 9. exd5 cxd5 10. h3 {[%emt 0:00:05] is recently more successful than 10.Bg5. Inhibits Bg4. C47: Scotch Four Knights and Four Knights with 4 g3.} c6 11. Qf3 Bd6 12. Re1 {[%emt 0:00:57] The position is equal.} Rb8 13. b3 Nd7 14. Bf4 {[%emt 0:04:55] A sharp opening Dodges Ne5} Qf6 15. Bxd6 Qxd6 16. Rad1 Nc5 17. Ne2 Nxd3 $146 ({Predecessor:} 17... Re8 18. Nd4 Bd7 19. Bf1 Rxe1 20. Rxe1 Ne4 21. Bd3 Qb4 22. Qe3 Re8 23. Nf3 Nd6 {½-½ Robson,R (2656)-Nakamura,H (2798) USA-ch Saint Louis 2015 (10)}) 18. Qxd3 Re8 19. c4 Be6 20. Nc3 h6 21. cxd5 Bxd5 22. Rxe8+ Rxe8 23. Nxd5 cxd5 $14 {[%emt 0:00:02][%mdl 4096] Endgame KQR-KQR} 24. g3 (24. Qxd5 $2 Re1+ 25. Rxe1 Qxd5 $19) 24... Re5 ({Better is} 24... d4 $11) 25. Kg2 Qe7 26. Rd2 h5 27. h4 g6 28. Qd4 Qc7 $1 {[%emt 0:00:48] Inhibits Rc2.} 29. Rd3 Qe7 {[%emt 0:00:14] [#]} (29... Qc2 $1 $11) 30. Rc3 $1 $16 Qe6 {[%emt 0:00:10] Dodges Rc8+} 31. Rc2 (31. Qxa7 $18 {and a4 should not be overlooked} Re4 32. Rd3) 31... Qf5 32. Rc7 Re4 33. Qxa7 (33. Qd3 $16) 33... Re2 $2 (33... Rxh4 $1 $11 34. Qb8+ (34. gxh4 Qg4+ 35. Kh1 Qxh4+ 36. Kg2 Qg4+ 37. Kh1 Qh3+ 38. Kg1 Qg4+ 39. Kh2 Qh4+ 40. Kg2 Qg4+ 41. Kf1 Qd1+ 42. Kg2 Qg4+ $11) 34... Kg7 35. Rxf7+ (35. gxh4 Qg4+ 36. Kh1 Qf3+ 37. Kg1 Qg4+ 38. Kf1 Qd1+ 39. Kg2 Qg4+ 40. Kh1 Qxh4+ 41. Kg2 Qg4+ 42. Kh1 Qf3+ 43. Kg1 Qg4+ 44. Kh2 Qf4+ 45. Kg1 Qg4+ 46. Kh2 Qh4+ 47. Kg1 Qg4+ $11) 35... Kxf7 36. gxh4 (36. Qc7+ Ke8 $11) 36... Qe4+ 37. Kg1 d4) 34. Rd7 $4 {[%emt 0:00:09][%mdl 8192] [#]} (34. Re7 $18 Rd2 35. Qe3) 34... Qe4+ $1 35. Kh2 Re1 {[%emt 0:00:13][%csl Ge4][%cal Re1h1] Active counter play!} 36. Qb8+ Kg7 37. Rxf7+ Kxf7 38. Qc7+ Qe7 (38... Kg8 $142 39. Qb8+ Kg7 40. Qc7+ Kh6 41. Qf4+ Qxf4 42. gxf4 d4 43. Kg2 d3 44. f5 gxf5 (44... d2 {leads to mate.} 45. f6 d1=Q 46. f7 Qg4+ 47. Kh2 Qxh4+ 48. Kg2 Kg5 49. f8=Q Qh1+ 50. Kg3 h4#) 45. Kg3 d2 46. Kh2 d1=Q (46... d1=B $2 47. Kg3 $19) 47. Kg2 Qg4+ 48. Kh2 Qf3 49. b4 Rh1#) 39. Qc6 Qe6 {[%emt 0:00:27] Black mates.} 40. Qc7+ Kg8 41. Qd8+ Kg7 42. Qc7+ Qe7 43. Qc3+ Qe5 44. Qc6 Qf6 45. Qc7+ Re7 {[%emt 0:00:02] Weighted Error Value: White=0.44/Black=0.36  Loses game:     	---       	Black=1      Missed win:     	White=1     	---        Mistake:       	White=2     	Black=2      Inaccurate:     	White=1     	Black=4      OK:         	White=12    	Black=7      Strong:       	White=1     	Black=2} 0-1

[Event "Pashayeva Memorial Rapid 2025"]
[Site "Baku"]
[Date "2025.03.02"]
[Round "2.4"]
[White "Mamedjarova, Turkan"]
[Black "Serikbay, Assel"]
[Result "1-0"]
[Annotator "TA"]
[ECO "B22"]
[WhiteElo "2197"]
[BlackElo "2216"]
[PlyCount "57"]
[EventDate "2025.03.01"]
[EventType "tourn"]
[EventCountry "AZE"]
[SourceTitle "playchess.com"]
[Source "ChessBase"]
[SourceQuality "1"]
[TimeControl "900+10"]

1. e4 c5 2. c3 Nf6 3. e5 Nd5 4. d4 cxd4 5. Nf3 Nc6 6. cxd4 d6 7. exd6 Qxd6 {[%emt 0:00:10] 7...e6 is more fashionable.} 8. Nc3 Bg4 9. Be2 g6 {[%emt 0:00:10] B22: Sicilian: 2 c3.} (9... Bxf3 10. Bxf3 e6 11. Nxd5 exd5 12. O-O $14) 10. O-O Bg7 11. h3 Bf5 {[%emt 0:00:10] Black is slightly better.} 12. Bc4 $146 ({Predecessor:} 12. Be3 O-O 13. Qb3 Nb6 14. d5 Nb4 15. Bxb6 Qxb6 16. a3 Nc2 17. Qxb6 axb6 18. Rac1 Bxc3 19. bxc3 Rxa3 {0-1 Floresvillar Gonzalez,L (2019)-Huang,Y (2071) Titled Tuesday intern op 25th Jul Late blitz 2023 (4)}) 12... Nb6 13. Bb5 {[%emt 0:00:10] [#]} O-O 14. Bxc6 Qxc6 15. Re1 Rfd8 16. Bf4 Nc4 (16... Be6 $15) 17. Qe2 (17. Rxe7 $14 Rac8 18. Qb3) 17... Rac8 (17... Bxd4 $15 18. Nxd4 Rxd4) 18. Rac1 $11 Qa6 (18... Qd7 $11) 19. Qxe7 $16 (19. b3 Na5 $14) 19... Be6 (19... Nxb2 20. Nd5 Nc4 (20... Rxd5 21. Rxc8+ Bxc8 22. Qe8+ Bf8 23. Qxf8+ Kxf8 24. Bh6+ Kg8 25. Re8#) 21. Ne5 Bxe5 (21... Rxd5 $2 22. Qxf7+ Kh8 23. Qxd5 $18) (21... Nxe5 $2 22. Rxc8 Rxc8 23. Bxe5 $18) 22. Rxe5 Nxe5 23. Nf6+ $18) (19... h6 $14) 20. Qh4 {[%emt 0:00:54] Black must now prevent Ng5.} Bf8 $2 {[%emt 0:01:15][%mdl 8192] This costs Black the game.} (20... f6 $16 {is tougher.}) 21. d5 Bf5 22. d6 Nxd6 {[%emt 0:01:24] Black is weak on the dark squares} (22... Bxd6 $142 23. Nd5 Bxf4) 23. Nd5 $18 Ne4 {[%emt 0:00:23] Wards off Nf6+} 24. Rxc8 Rxc8 {[%emt 0:00:04] [#]} 25. Rxe4 $1 Bxe4 26. Nf6+ {[%emt 0:00:10] A dynamic duo of knights.} Kg7 27. Bh6+ Kh8 {[%emt 0:00:03] Strongly threatening ...Bxf3.} 28. Bxf8 ({Not} 28. Nxe4 Bxh6 29. Qxh6 f6 $18) 28... g5 29. Qh6 {[%emt 0:00:09] Weighted Error Value: White=0.23 (precise) /Black=1.10  Loses game:     	---       	Black=1      Mistake:       	White=1     	Black=5      Inaccurate:     	White=3     	Black=2      OK:         	White=6     	Black=4      Best:        	White=2     	---} 1-0

[Event "Pashayeva Memorial Rapid 2025"]
[Site "Baku"]
[Date "2025.03.02"]
[Round "2.5"]
[White "Balajayeva, Khanim"]
[Black "Mammadova, Gulnar"]
[Result "1/2-1/2"]
[Annotator "TA"]
[ECO "C54"]
[WhiteElo "2355"]
[BlackElo "2333"]
[PlyCount "30"]
[EventDate "2025.03.01"]
[EventType "tourn"]
[EventCountry "AZE"]
[SourceTitle "playchess.com"]
[Source "ChessBase"]
[SourceQuality "1"]
[TimeControl "900+10"]

1. e4 e5 2. Nf3 Nc6 3. Bc4 Nf6 4. d3 Bc5 5. c3 d6 6. O-O {[%emt 0:00:11] The position is equal.} a5 {[%emt 0:00:15] C54: Giuoco Piano: 4 c3 Nf6, main lines with 5 d4 and 5 d3.} 7. Nbd2 O-O 8. Bb3 h6 9. h3 Be6 10. Re1 Re8 11. Bxe6 Rxe6 12. Nf1 d5 13. Qe2 $146 ({Predecessor:} 13. Qc2 Qd7 14. Ng3 a4 15. Bd2 b5 16. b4 Bf8 17. a3 g6 18. exd5 Nxd5 19. c4 bxc4 20. dxc4 {0-1 Aravindh,C (2641)-Maghsoodloo,P (2676) Titled Tuesday intern op 12th May blitz 2020 (9)}) 13... d4 14. Ng3 a4 15. a3 Na5 {[%emt 0:00:52] A rather calm draw.   Weighted Error Value: White=0.04 (flawless) /Black=0.05 (flawless)   Inaccurate:     	---       	Black=1      OK:         	White=3     	Black=2} 1/2-1/2

[Event "Pashayeva Memorial Rapid 2025"]
[Site "Baku"]
[Date "2025.03.02"]
[Round "3.1"]
[White "Mammadova, Gulnar"]
[Black "Salimova, Nurgyul"]
[Result "1-0"]
[Annotator "ChessBase"]
[ECO "B12"]
[WhiteElo "2333"]
[BlackElo "2404"]
[PlyCount "79"]
[EventDate "2025.03.01"]
[EventType "tourn"]
[EventCountry "AZE"]
[SourceTitle "playchess.com"]
[Source "ChessBase"]
[SourceQuality "1"]
[TimeControl "900+10"]

1. e4 c6 2. d4 d5 3. e5 c5 4. dxc5 e6 5. a3 Bxc5 6. b4 Bb6 7. Qg4 Ne7 8. Bb2 Ng6 9. Bd3 Nc6 10. Nf3 Bc7 11. O-O Kf8 12. Re1 Nce7 13. Nbd2 Nf5 14. b5 Ba5 15. Red1 h5 16. Qa4 Bd7 17. Nb3 Bb6 18. Bxf5 exf5 19. Rxd5 Qe7 20. Bd4 Rc8 21. Bxb6 axb6 22. Nbd4 Kg8 23. Re1 Nf8 24. Rd6 Be6 25. Qb4 Rh6 26. Rxb6 Qc7 27. Rd6 Rg6 28. b6 Qe7 29. Rd1 Rc4 30. Qb5 Rc3 31. Qa5 Rc8 32. Qd2 Ra8 33. Qe3 Rg4 34. h3 Re4 35. Qd3 Rxe5 36. Nc6 bxc6 37. Nxe5 Bd5 38. Rxd5 cxd5 39. Qxd5 Ra6 40. Rb1 1-0

[Event "Pashayeva Memorial Rapid 2025"]
[Site "Baku"]
[Date "2025.03.02"]
[Round "3.2"]
[White "Serikbay, Assel"]
[Black "Balajayeva, Khanim"]
[Result "0-1"]
[Annotator "ChessBase"]
[ECO "D40"]
[WhiteElo "2216"]
[BlackElo "2355"]
[PlyCount "100"]
[EventDate "2025.03.01"]
[EventType "tourn"]
[EventCountry "AZE"]
[SourceTitle "playchess.com"]
[Source "ChessBase"]
[SourceQuality "1"]
[TimeControl "900+10"]

1. d4 Nf6 2. c4 e6 3. Nf3 d5 4. Nc3 Be7 5. Bf4 O-O 6. e3 Nbd7 7. Bd3 dxc4 8. Bxc4 a6 9. a4 c5 10. O-O cxd4 11. exd4 Nb6 12. Bb3 Nbd5 13. Bg3 b6 14. Qe2 Bb7 15. Rac1 Rc8 16. Ne5 Nxc3 17. bxc3 Ne4 18. Qe3 b5 19. axb5 axb5 20. f4 Bd5 21. Bxd5 exd5 22. Be1 f6 23. Nf3 Re8 24. Qd3 Qd7 25. Rb1 Nd6 26. Nd2 Bd8 27. Nb3 Bb6 28. Bf2 Ne4 29. Nc5 Bxc5 30. dxc5 Nxf2 31. Rxf2 Rxc5 32. Rfb2 Rb8 33. Rd1 Qc6 34. Rb3 Rd8 35. Rdb1 Rb8 36. f5 h6 37. Re1 Re8 38. Reb1 d4 39. Qxd4 Re2 40. Qg4 Rce5 41. Rd1 Qb6+ 42. Qd4 Qxd4+ 43. cxd4 Rxf5 44. d5 Rff2 45. d6 Rxg2+ 46. Kf1 Ref2+ 47. Ke1 Re2+ 48. Kf1 Ref2+ 49. Ke1 Ra2 50. d7 Rg1# 0-1

[Event "Pashayeva Memorial Rapid 2025"]
[Site "Baku"]
[Date "2025.03.02"]
[Round "3.3"]
[White "Beydullayeva, Govhar"]
[Black "Mamedjarova, Turkan"]
[Result "1-0"]
[Annotator "ChessBase"]
[ECO "D36"]
[WhiteElo "2404"]
[BlackElo "2197"]
[PlyCount "119"]
[EventDate "2025.03.01"]
[EventType "tourn"]
[EventCountry "AZE"]
[SourceTitle "playchess.com"]
[Source "ChessBase"]
[SourceQuality "1"]
[TimeControl "900+10"]

1. d4 d5 2. c4 e6 3. Nc3 Nf6 4. cxd5 exd5 5. Bg5 c6 6. e3 Be7 7. Bd3 O-O 8. Qc2 Nbd7 9. Nf3 Re8 10. O-O g6 11. Bf4 Nf8 12. h3 Ne6 13. Bg3 Ng7 14. Ne5 Bf5 15. f3 Bxd3 16. Qxd3 Bd6 17. f4 Nf5 18. Bf2 c5 19. g4 c4 20. Qd1 Ng7 21. Qf3 Be7 22. g5 Ne4 23. Nxe4 dxe4 24. Qxe4 Qc8 25. Kh2 Bd6 26. Rac1 Bxe5 27. fxe5 Qe6 28. Qf3 Rad8 29. e4 b5 30. Rcd1 b4 31. Bg3 Qe7 32. d5 c3 33. bxc3 bxc3 34. Rc1 Nh5 35. Rxc3 Qxg5 36. Qxf7+ Kh8 37. Qf2 Kg8 38. Qf7+ Kh8 39. Qf2 Kg8 40. e6 Rc8 41. Rxc8 Rxc8 42. d6 Nxg3 43. Qxg3 Rc2+ 44. Rf2 Rxf2+ 45. Qxf2 Qe5+ 46. Kg1 Qxe6 47. Qd4 Qxh3 48. Qd5+ Kf8 49. d7 Qg3+ 50. Kf1 Qf3+ 51. Ke1 Qh1+ 52. Kd2 Qh2+ 53. Kd3 Qg3+ 54. Kd4 Qf2+ 55. Ke5 Qg3+ 56. Ke6 Qh3+ 57. Kd6 Qa3+ 58. Qc5 Qa6+ 59. Kc7+ Kf7 60. d8=Q 1-0

[Event "Pashayeva Memorial Rapid 2025"]
[Site "Baku"]
[Date "2025.03.02"]
[Round "3.4"]
[White "Mammadzada, Gunay"]
[Black "Aydin, Gulenay"]
[Result "1/2-1/2"]
[Annotator "ChessBase"]
[ECO "E11"]
[WhiteElo "2412"]
[BlackElo "2265"]
[PlyCount "31"]
[EventDate "2025.03.01"]
[EventType "tourn"]
[EventCountry "AZE"]
[SourceTitle "playchess.com"]
[Source "ChessBase"]
[SourceQuality "1"]
[TimeControl "900+10"]

1. Nf3 Nf6 2. d4 d5 3. c4 e6 4. g3 Be7 5. Bg2 O-O 6. O-O c6 7. Qc2 b6 8. Bf4 Nh5 9. Bd2 Nf6 10. Ne5 Nfd7 11. Nxd7 Nxd7 12. e4 dxc4 13. Qxc4 c5 14. e5 Rb8 15. Be3 cxd4 16. Bxd4 1/2-1/2

[Event "Pashayeva Memorial Rapid 2025"]
[Site "Baku"]
[Date "2025.03.02"]
[Round "3.5"]
[White "Yakubbaeva, Nilufar"]
[Black "Fataliyeva, Ulviyya"]
[Result "0-1"]
[Annotator "ChessBase"]
[ECO "D37"]
[WhiteElo "2187"]
[BlackElo "2381"]
[PlyCount "112"]
[EventDate "2025.03.01"]
[EventType "tourn"]
[EventCountry "AZE"]
[SourceTitle "playchess.com"]
[Source "ChessBase"]
[SourceQuality "1"]
[TimeControl "900+10"]

1. d4 Nf6 2. Nf3 d5 3. c4 e6 4. Nc3 Be7 5. e3 O-O 6. Be2 dxc4 7. Bxc4 a6 8. Bd3 c5 9. dxc5 Bxc5 10. O-O Nc6 11. b3 e5 12. Bb2 Qe7 13. Ne4 Nxe4 14. Bxe4 Bd6 15. Rc1 Bg4 16. h3 Bd7 17. Qe2 Kh8 18. Rfd1 f5 19. Bb1 e4 20. Nd2 Ne5 21. Nc4 Bb5 22. Qd2 Bb4 23. Qd4 Nc6 24. Qd7 Rad8 25. Qxe7 Bxe7 26. Ne5 Nxe5 27. Bxe5 Ba3 28. Rxd8 Rxd8 29. Rc7 Rd1+ 30. Kh2 Kg8 31. Bc2 Rc1 32. b4 Kf8 33. Bxg7+ Ke8 34. Be5 Kd8 35. Rc5 Bxb4 36. Rd5+ Ke7 37. Bb3 Bc6 38. Rd4 Bc3 39. Bd6+ Kd7 40. Ba3+ Bxd4 41. Bxc1 Be5+ 42. Kg1 a5 43. Kf1 a4 44. Bg8 h6 45. g4 fxg4 46. hxg4 b5 47. Ke1 b4 48. Bd2 Bd6 49. Kd1 Ke7 50. Kc2 Kf6 51. Bc4 Bd7 52. Bd5 Ke5 53. Bb7 Bxg4 54. Bc6 a3 55. Ba4 h5 56. Kb3 Be6+ 0-1

[Event "Pashayeva Memorial Rapid 2025"]
[Site "Baku"]
[Date "2025.03.03"]
[Round "4.1"]
[White "Salimova, Nurgyul"]
[Black "Fataliyeva, Ulviyya"]
[Result "1-0"]
[Annotator "TA"]
[ECO "E05"]
[WhiteElo "2404"]
[BlackElo "2381"]
[PlyCount "71"]
[EventDate "2025.03.01"]
[EventType "tourn"]
[EventCountry "AZE"]
[SourceTitle "playchess.com"]
[Source "ChessBase"]
[SourceQuality "1"]
[TimeControl "900+10"]

1. d4 Nf6 2. Nf3 d5 3. c4 e6 4. g3 Be7 5. Bg2 O-O 6. O-O dxc4 7. Qc2 a6 8. Rd1 {[%emt 0:00:04][%cal Of3e5] E05: Open Catalan: 5 Nf3 Be7.} b5 9. Ne5 Nd5 10. b3 {[%emt 0:00:07] White sacrificed a pawn. Black has an edge.} cxb3 11. axb3 {[%emt 0:00:01] A sharp opening} Bb7 12. Ba3 Bd6 (12... a5 13. Bxe7 Qxe7 14. Qd2 b4) 13. Nc3 $146 (13. Nd3 Nd7 14. e4 Bxa3 15. Rxa3 N5f6 16. Nd2 Qe7 17. b4 Rac8 18. Qc3 Rfd8 19. Re1 {1-0 Dubov,D (2708)-Grischuk,A (2745) MrDodgy Online Inv Finals 3rd blitz 2022 (3.5)}) 13... Bxa3 (13... Nxc3 14. Qxc3 Bxg2 15. Kxg2 a5) 14. Nxd5 Bd6 {[%emt 0:00:19] A strong pair of Bishops.} 15. Nf4 (15. Ne7+ $11 Qxe7 16. Bxb7) 15... Bxg2 $15 16. Kxg2 Qc8 17. Qe4 Ra7 18. Kg1 c5 (18... a5 19. Nfd3 f6 20. Nf3 Re8) 19. Rac1 Rc7 20. dxc5 Bxe5 21. Qxe5 Nd7 22. Qe3 Nxc5 (22... Rxc5 $2 23. Rxc5 Qxc5 (23... Nxc5 $2 24. Rc1 $18) 24. Rxd7 $18) 23. Nh5 f5 (23... a5 $11 {remains equal.}) 24. Qe5 $1 $16 Rff7 25. b4 $1 {[%emt 0:00:13] White has more active pieces.} Ne4 (25... Nb7 $16 26. Rxc7 Qxc7 (26... Rxc7 27. Ra1 $16) 27. Qxe6 Qe7 28. Qc8+ (28. Qxa6 Qxe2 29. Rc1 Nd8 $16) 28... Qf8) 26. Rxc7 $18 Rxc7 (26... Qxc7 $16 27. Qxe6 g6) 27. f3 $1 Nc3 28. Rd6 Re7 {[%emt 0:01:15] [#]} 29. Nxg7 $2 Nxe2+ $1 $11 (29... Rxg7 $2 30. Qf6 Nd5 (30... Nxe2+ $2 31. Kf2 $18) 31. Rd8+ $18 (31. Qxe6+ $2 Qxe6 32. Rxe6 Nxb4 $19)) 30. Kg2 Qc2 31. Rd8+ {[%emt 0:00:07][%mdl 1024] White has compensation.} (31. Nxe6 $2 {is the wrong capture.} Nf4+ 32. Kf1 Qg2+ 33. Ke1 Rxe6 34. gxf4 Rxe5+ $19) (31. Kf1 {simplifies} Qc4 32. Kf2 Qc2 33. Qxe2 Qxe2+ 34. Kxe2 Kxg7 35. Rxa6 Kf6 36. Ra5) 31... Kf7 {[%emt 0:00:00] ...Nd4+ would now be deadly.} 32. Kf1 $40 {[%emt 0:00:17][%cal Og7h5][%mdl 128] Nh5! is the strong threat. Black needs to defend precisely.} Nc3 $2 (32... Qc3 $11 {and Black stays safe.} 33. Qxe2 Kxg7) 33. Nh5 $18 Qc1+ (33... Qe2+ $142 34. Qxe2 Nxe2 35. Kxe2 e5) 34. Kg2 Qh6 {[%emt 0:00:20] Repels Qf6+} 35. Qh8 $1 Rc7 36. Qe8# {[%emt 0:00:00] Weighted Error Value: White=0.23 (precise) /Black=0.53  Loses game:     	---       	Black=2      Missed win:     	White=1     	---        Mistake:       	White=1     	Black=3      Inaccurate:     	---       	Black=3      OK:         	White=4     	Black=9      Best:        	White=5     	Black=2      Strong:       	White=3     	Black=1} 1-0

[Event "Pashayeva Memorial Rapid 2025"]
[Site "Baku"]
[Date "2025.03.03"]
[Round "4.2"]
[White "Aydin, Gulenay"]
[Black "Yakubbaeva, Nilufar"]
[Result "1/2-1/2"]
[Annotator "TA"]
[ECO "B10"]
[WhiteElo "2265"]
[BlackElo "2187"]
[PlyCount "35"]
[EventDate "2025.03.01"]
[EventType "tourn"]
[EventCountry "AZE"]
[SourceTitle "playchess.com"]
[Source "ChessBase"]
[SourceQuality "1"]
[TimeControl "900+10"]

1. e4 c6 2. Nf3 d5 3. d3 dxe4 4. dxe4 Qxd1+ 5. Kxd1 Nf6 6. Nbd2 {[%emt 0:00:18] B10: Caro-Kann: 2 d3 and 2 c4.} g6 7. Ne5 Bh6 8. f3 Be6 9. a4 Nfd7 {[%emt 0:00:23] The position is equal.} 10. Nxd7 Nxd7 11. Nc4 Bxc1 12. Kxc1 Bxc4 $146 (12... f6 13. Be2 Kf7 14. Kd2 g5 15. Ke3 h5 16. b4 h4 17. Rhd1 Rhc8 18. Na5 b6 {½-½ Aydin,G (2029)-Priyanka,N (2322) TUR-chT Ankara 2024 (1.35)}) 13. Bxc4 e5 14. a5 Ke7 15. c3 Rhd8 16. Kc2 Nc5 17. Rad1 Ne6 18. Bxe6 {[%emt 0:00:26] A rather calm draw.   Weighted Error Value: White=0.06 (flawless) /Black=0.09 (flawless)   OK:         	White=3     	Black=3} 1/2-1/2